 Dungeon Crawl Stone Soup version 0.32-a0-872-g59262bd (webtiles) character file.

Game seed: 6834654840409302410

824 lyrin the Covert (level 7, 0/93 HPs)
             Began as a Naga Brigand on Mar 30, 2024.
             Was a Believer of Cheibriados.
             Incinerated by a bombardier beetle (3 damage)
             ... with a burning spray
             ... on level 6 of the Dungeon.
             The game lasted 00:08:54 (4194 turns).

lyrin the Covert (Naga Brigand)                     Turns: 4194, Time: 00:08:57

Health: 0/93       AC: 15    Str: 18    XL:     7   Next: 96%
Magic:  8/8        EV:  9    Int: 17    God:    Cheibriados [**....]
Gold:   208        SH:  0    Dex: 16    Spells: 6/6 levels left

rFire   . . .        p - +2 long sword (elec)
rCold   + . .        (no shield)
rNeg    + . .        j - +1 leather armour {rC+}
rPois   +            (no helmet)
rElec   .            y - +0 cloak
rCorr   .            h - +0 pair of gloves
SInv    +            (no barding)
Will    .....        (no amulet) Stlth
                     k - +4 ring of protection
HPRegen 0.35/turn    s - ring of Foolhardiness {rN+ AC+4}
MPRegen 0.11/turn

%: no passive effects
@: mighty, berserking, on fire, hasted, glowing, very slow
A: AC +2, large, see invisible, deformed body, poison resistance, slowness 2,
spit poison 1, naga tail 1
a: Spit Poison, Renounce Religion, Bend Time


You were on level 6 of the Dungeon.
You worshipped Cheibriados.
Cheibriados was pleased with you.
You visited 2 branches of the dungeon, and saw 7 of its levels.
You also visited: Sewer.

You collected 208 gold pieces.

Inventory:

Hand Weapons
 a - a +2 dagger
 p - a +2 long sword of electrocution (weapon)
 w - a +2 sling of draining
Missiles
 d - 15 poisoned darts (quivered)
 e - 4 curare-tipped darts
Armour
 c - a +0 cloak
 h - a +0 pair of gloves (worn)
 j - a +1 leather armour of cold resistance (worn)
 y - a +0 cloak (worn)
Jewellery
 k - a +4 ring of protection (left hand)
 q - a ring of protection from cold
 s - the ring of Foolhardiness (right hand) {rN+ AC+4}
   (You found it on level 3 of the Dungeon)

   [ring of protection]

   AC+4:      It affects your AC (+4).
   rN+:       It protects you from negative energy.
Talismans
 u - a serpent talisman
Scrolls
 b - 2 scrolls of enchant armour {unknown}
 g - a scroll of blinking {unknown}
 i - 3 scrolls of noise
 o - 2 scrolls of teleportation
 r - a scroll of revelation {unknown}
 A - a scroll of fog {unknown}
 B - 2 scrolls of fear {unknown}
Potions
 f - a potion of might
 m - 3 potions of attraction
 t - a potion of curing {unknown}
 v - 2 potions of haste
 x - a potion of brilliance {unknown}
 z - a potion of cancellation {unknown}


   Skills:
 + Level 3.2 Fighting
 + Level 2.9(4.0) Short Blades
 + Level 4.3(4.8) Long Blades
 + Level 1.7 Throwing
 + Level 2.2 Armour
 + Level 2.5 Dodging
 + Level 8.8 Stealth
 * Level 1.9 Invocations


You had 6 spell levels left.
You didn't know any spells.
Your spell library contained the following spells:

 Spells                   Type           Power      Damage    Failure   Level
 Ignite Poison            Fire/Alch      0%         N/A       95%         4
 Leda's Liquefaction      Alch/Erth      0%         N/A       95%         4
 Sticky Flame             Fire/Alch      0%         2d4       95%         4
 Irradiate                Conj/Alch      0%         3d11      100%        5
 Plasma Beam              Fire/Air       0%         2x1d10    100%        6
 Ignition                 Fire           0%         3d3       100%        8


Dungeon Overview and Level Annotations

Branches:
Dungeon (6/15)             Temple (1/1) D:4           Sewer (visited)

Altars:
Ashenzari
Cheibriados
Elyvilon
Fedhas
Kikubaaqudgha
Nemelex Xobeh
Okawaru
Qazlal
Ru
Sif Muna
Uskayaw
Vehumet
Xom
Zin
The Shining One

Annotations:
D:5 Edmund


Innate Abilities, Weirdness & Mutations

Your serpentine skin is tough. (AC +2)
You have supernaturally acute eyesight. (SInv)
Armour fits poorly on your strangely shaped body.
Your system is resistant to poisons. (rPois)
You cover ground very slowly.
You can spit poison.
You have a snake-like lower body.


Message History

The gnoll is severely wounded.
The liquid fire burns you!
The gnoll hits you but does no damage. x2; The gnoll completely misses you.
Unknown command.
You slash the gnoll! Lightning courses through the gnoll!
You kill the gnoll!
Cheibriados appreciates the change of pace.
The liquid fire burns you! The gnoll hits you with a +0 flail.
* * * LOW HITPOINT WARNING * * *
Unknown command.
You slash the gnoll!
You kill the gnoll!
Cheibriados appreciates the change of pace.
The liquid fire burns you!
* * * LOW HITPOINT WARNING * * *
The gnoll barely misses you.
Unknown command.
You shake off some of the fire as you move.
The liquid fire burns you!
* * * LOW HITPOINT WARNING * * *
The gnoll barely misses you. The gnoll hits you with a +0 halberd.
* * * LOW HITPOINT WARNING * * *
Things that are here:
37 gold pieces; a +0 flail; an orb of mayhem You slice the gnoll!!
You kill the gnoll!
Cheibriados appreciates the change of pace.
Cheibriados raises the support of your attributes as your movement slows.
The liquid fire burns you!
* * * LOW HITPOINT WARNING * * *
Unknown command.
Okay, then.
It was a potion of berserk rage.
A red film seems to cover your vision as you go berserk!
Cheibriados protects you from inadvertent hurry.
You feel mighty! The liquid fire burns you!
You die...
Cheibriados appreciates the motionlessness of death.

.....##....#..#................
.....##........................
#..####......##................
#...##.....#..#................
###.........#..................
.##..##........................
..............#...##...........
.........#.#####.$..>..........
...#.>...#..# #@#......#####.#
.........##.####.#.##...#
..####........##.$....#... ..#
###....#.........:... ..#
#.#.............. .##
#.##.##........## .
#.##.##.....:..# .
#.##.##..........
#.............###


There were no monsters in sight!

Vanquished Creatures
  Pargi (Sewer)
  An ogre (D:6)
  A bullfrog (D:6)
  A kobold brigand (Sewer)
  A brain worm (Sewer)
  A bombardier beetle (D:6)
  2 orc priests (D:6)
  A hound (D:4)
  A jelly (D:6)
  A sleepcap (D:4)
  An orc wizard (D:4)
  3 adders
  10 gnolls
  A river rat (D:4)
  A white imp (D:4)
  2 ufetubi (D:6)
  2 dart slugs
  3 ribbon worms (D:4)
  4 orcs
  5 bats
  9 endoplasms
  6 giant cockroaches
  4 goblins
  2 hobgoblins
  8 jackals
  5 quokkas
  5 ball pythons
  3 frilled lizards
  6 kobolds
  4 rats
95 creatures vanquished.

Notes
Turn   | Place    | Note
-------+----------+-------------------------------------------
     0 | D:1      | lyrin the Naga Brigand began the quest for the Orb.
     0 | D:1      | Reached XP level 1. HP: 19/19 MP: 1/1
    48 | D:1      | Reached skill level 6 in Stealth
   375 | D:1      | Reached XP level 2. HP: 26/26 MP: 2/2
   657 | D:1      | Found a faded altar of an unknown god.
   971 | D:2      | Reached skill level 7 in Stealth
  1062 | D:2      | Reached XP level 3. HP: 31/32 MP: 3/3
  1259 | D:2      | Got Sif Muna's Vellum of Combustive Congelation
  1588 | D:3      | Reached XP level 4. HP: 39/39 MP: 4/4
  1654 | D:3      | Reached skill level 1 in Long Blades
  1694 | D:3      | Identified the ring of Foolhardiness {rN+ AC+4}
  1816 | D:3      | Found a glowing silver altar of Zin.
  1828 | D:3      | Reached skill level 1 in Dodging
  2147 | D:4      | Found a staircase to the Ecumenical Temple.
  2161 | Temple   | Entered the Ecumenical Temple
  2196 | Temple   | Became a worshipper of Cheibriados the Contemplative
  2210 | D:4      | Found a shimmering blue altar of Sif Muna.
  2301 | D:4      | Reached skill level 1 in Armour
  2301 | D:4      | Reached XP level 5. HP: 15/45 MP: 5/5
  2532 | D:4      | Found a glowing drain.
  2539 | Sewer    | Entered a sewer
  2552 | Sewer    | Noticed a kobold brigand
  2555 | Sewer    | Killed a kobold brigand
  2595 | Sewer    | Reached skill level 8 in Stealth
  2595 | Sewer    | Reached XP level 6. HP: 36/55 MP: 3/6
  2733 | Sewer    | Noticed Pargi
  2738 | Sewer    | Killed Pargi
  2775 | Sewer    | Reached * piety under Cheibriados
  3439 | D:5      | Entered Level 5 of the Dungeon
  3443 | D:5      | Noticed Edmund
  3453 | D:4      | Reached XP level 7. HP: 61/61 MP: 7/7
  3818 | D:6      | Reached skill level 1 in Invocations
  4183 | D:6      | HP: 2/62 [gnoll/+0 halberd (6)]
  4193 | D:6      | Reached ** piety under Cheibriados
  4193 | D:6      | HP: 1/62 [burnt (3)]
  4194 | D:6      | Incinerated by a bombardier beetle

Illustrated notes

Levels and vault maps discovered:
D:1:      evilmike_arrival_crescent, layout_basic,
          nicolae_ecumenical_lake_church
D:2:      layout_rooms
D:3:      layout_basic, general_overflow_altar, kennysheep_generic_room_9
D:4:      layout_loops_cross, mainiacjoe_overflow_tiny_flanked,
          minmay_temple_entry_slanted, gup_sewer_entry_bubbles
D:5:      layout_gridville, uniq_sigmund, uniq_edmund
D:6:      layout_rooms, grunt_dithmenos_smoke
Temple:   nicolae_temple_bog_church

Skill      XL: |  1  2  3  4  5  6  7 |
---------------+----------------------+-----
Stealth        | 6 7 8 |  8.8
Long Blades    | 2 3 4 |  4.3
Dodging        | 1 2 |  2.5
Armour         | 1 2 |  2.2
Invocations    | 1 |  1.9
Fighting       | 3 |  3.2
Short Blades   | |  2.9
Throwing       | |  1.7

Action                     |  1- 3 |  4- 6 |  7- 9 || total
---------------------------+-------+-------+-------++-------
  Melee: Dagger            |    67 |     6 |       ||    73
         Long sword        |    37 |    88 |    63 ||   188
Ability: Spit Poison       |       |     2 |     1 ||     3
    Use: Scroll            |       |     4 |     1 ||     5
         Potion            |       |       |     6 ||     6
   Stab: Sleeping          |    12 |    17 |       ||    29
 Armour: Leather armour    |    76 |   107 |   156 ||   339
  Dodge: Dodged            |    47 |    64 |    86 ||   197

Table legend: (Time is in decaauts)
 A = Elapsed time spent in this place.
 B = Non-inter-level travel time spent in this place.
 C = Inter-level travel time spent in this place.
 D = Time resting spent in this place.
 E = Time spent auto-exploring this place.
 F = Levels seen in this place.
 G = Mean time per level.
                   A        B        C        D        E       F      G
               +--------+--------+--------+--------+--------+-----+--------+
         Total |   5740 |   5476 |    264 |    846 |   2935 |   8 |  717.5 |
       Dungeon |   5286 |   5050 |    236 |    725 |   2814 |   6 |  881.0 |
        Temple |     62 |     35 |     27 |      0 |      0 |   1 |   62.0 |
         Sewer |    392 |    392 |      0 |    121 |    120 |   1 |  392.0 |
               +--------+--------+--------+--------+--------+-----+--------+

Top non-repeatable levels by time:
     D:4: 1700 daAuts
     D:1: 1207 daAuts
     D:3: 1155 daAuts
     D:2: 702 daAuts
     D:6: 492 daAuts
   Sewer: 392 daAuts
  Temple: 62 daAuts
     D:5: 27 daAuts
